 Dungeon Crawl Stone Soup version 0.24.1 (webtiles) character file.

Game seed: 3828460401822282353, levelgen mode: deterministic

1180 Destapler the Skirmisher (level 8, 0/69 HPs)
             Began as a Centaur Gladiator on Apr 7, 2020.
             Was a Plaything of Xom.
             Succumbed to an orc's poison
             ... on level 6 of the Dungeon.
             The game lasted 00:12:50 (5595 turns).

Destapler the Skirmisher (Centaur Gladiator)        Turns: 5595, Time: 00:12:51

Health: 0/69       AC:  7    Str: 18    XL:     8   Next: 18%
Magic:  8/8        EV: 11    Int:  7    God:    Xom [....*.]
Gold:   149        SH:  0    Dex: 10    Spells: 7/7 levels left

rFire    . . .     SeeInvis .   a - +0 trident
rCold    . . .     Gourm    .   (no shield)
rNeg     . . .     Faith    .   p - +2 animal skin
rPois    .         Spirit   .   c - +0 helmet
rElec    .         Reflect  .   (no cloak)
rCorr    .         Harm     .   (no gloves)
MR       .....                  (no barding)
Stlth    +.........             (no amulet)
HPRegen  0.21/turn              (no ring)
MPRegen  0.11/turn              (no ring)

@: lethally poisoned (0 -> -3), hasted, very quick
A: large, hooves 3, blink, clumsy 1, deformed body, speed 2, tough skin 3,
MP-powered wands
a: Blink, Renounce Religion


You were on level 6 of the Dungeon.
You worshipped Xom.
You were a beloved toy of Xom.
You were not hungry.

You visited 1 branch of the dungeon, and saw 6 of its levels.

You collected 149 gold pieces.

Inventory:

Hand Weapons
 a - a +0 trident (weapon)
Missiles
 d - 2 throwing nets
 e - 5 boomerangs
 q - 13 poisoned darts (quivered)
Armour
 b - a +0 leather armour
 c - a +0 helmet (worn)
 k - a +0 leather armour
 p - a +2 animal skin (worn)
Jewellery
 o - an uncursed ring of wizardry {unknown}
Wands
 r - a wand of paralysis (8)
Scrolls
 g - a scroll of enchant armour {unknown}
 h - 7 scrolls of teleportation {unknown}
 i - a scroll of noise {unknown}
 j - 6 scrolls of remove curse {unknown}
 l - 2 scrolls of blinking {unknown}
 m - 3 scrolls of identify {unknown}
 s - a scroll of immolation {unknown}
Potions
 n - 3 potions of haste
Comestibles
 f - 11 rations


   Skills:
 + Level 5.4 Fighting
 + Level 5.3 Polearms
 - Level 3.9 Throwing
 - Level 1.8 Armour
 + Level 4.4 Dodging


You had 7 spell levels left.
You didn't know any spells.
Your spell library was empty.

Dungeon Overview and Level Annotations

Branches:
Dungeon (6/15)             Temple (0/1) D:6

Altars:
Makhleb
Nemelex Xobeh
Xom


Innate Abilities, Weirdness & Mutations

You have hooves in place of feet.
Armour fits poorly on your strangely shaped body.
You cover ground very quickly.
You have extremely tough skin. (AC +3)
You can translocate small distances at will.
You are clumsy. (Dex -2)
You expend magic power (3 MP) to strengthen your wands.


Message History

Your kick misses the orc priest.
The orc priest is severely wounded.
The orc priest invokes the aid of Beogh against you.
Pain shoots through your body!
* * * LOW HITPOINT WARNING * * *
The orc barely misses you.
You feel much better.
You feel sick.
Your +0 hand axe hits the orc priest but does no damage.
The orc priest hits your +0 hand axe but does no damage.
The orc warrior hits you from afar with a +0 halberd!!
* * * LOW HITPOINT WARNING * * *
Xom roars with laughter!
Unknown command.
Unknown command.
You enter the shallow water.
Moving in this stuff is going to be slow.
Your +0 hand axe hits the orc priest!
The orc priest dies!
You die...
Xom chortles!

#......#'## #.........# .
#.......... ..
#....o.....
...##..Z.......
..'.........# #.ooo.....#
######..####+###+#
#.....([(#@.......
#........≈§≈......
#.......≈§§≈≈.....
#......≈≈≈§§§§.... .
#......§§≈>§§§##+### .
###......≈≈§≈§≈≈.....#
...........≈≈§≈≈......#
.............≈§§)......#
..............#..##.....#


There were no monsters in sight!

Vanquished Creatures
  Eustachio (D:4)
  An ogre (D:6)
  Blork the orc (D:4)
  A gnoll sergeant (D:5)
  A bullfrog (D:6)
  A crimson imp (D:5)
  A centaur zombie (D:5)
  2 hounds (D:6)
  2 gnoll shamans
  2 orc priests (D:3)
  An iguana (D:4)
  2 orc wizards
  A worker ant (D:6)
  Robin (D:2)
  15 gnolls
  9 adders
  An ooze (D:2)
  2 adder skeletons
  A worm (D:2)
  3 dart slugs
  5 leopard geckos
  15 orcs
  A ball python (D:5)
  11 bats
  13 giant cockroaches
  10 goblins
  14 hobgoblins
  6 jackals
  3 quokkas
  5 frilled lizards
  3 rats
135 creatures vanquished.

Vanquished Creatures (collateral kills)
  An orc priest (D:6)
1 creature vanquished.

Grand Total: 136 creatures vanquished

Notes
Turn   | Place    | Note
-------+----------+-------------------------------------------
     0 | D:1      | Destapler the Centaur Gladiator began the quest for the
                  | Orb.
     0 | D:1      | Reached XP level 1. HP: 17/17 MP: 1/1
   114 | D:1      | Reached XP level 2. HP: 12/24 MP: 2/2
   770 | D:2      | Reached XP level 3. HP: 26/30 MP: 3/3
  1417 | D:2      | Reached XP level 4. HP: 34/37 MP: 4/4
  1515 | D:2      | Noticed Robin
  1558 | D:2      | Killed Robin
  1780 | D:2      | Found a sparkling altar of Nemelex Xobeh.
  1956 | D:2      | Reached skill level 1 in Armour
  2158 | D:3      | Reached XP level 5. HP: 44/44 MP: 5/5
  2907 | D:3      | Found a shimmering altar of Xom.
  2952 | D:3      | Became a worshipper of Xom of Chaos
  3156 | D:4      | Noticed Eustachio
  3159 | D:4      | XOM: potion effect (haste)
  3174 | D:4      | XOM: potion effect (curing)
  3186 | D:4      | Killed Eustachio
  3186 | D:4      | Reached XP level 6. HP: 40/51 MP: 6/6
  3314 | D:4      | XOM: divination: detect items
  3326 | D:4      | Noticed Blork the orc
  3333 | D:4      | XOM: potion effect (agility)
  3377 | D:4      | HP: 1/51 [Blork the orc/+0 scimitar (7)]
  3379 | D:4      | Gained mutation: You expend magic power (3 MP) to
                  | strengthen your wands. [potion of mutation]
  3379 | D:4      | Gained mutation: You can translocate small distances at
                  | will. [potion of mutation]
  3379 | D:4      | Gained mutation: You are robust. (+10% HP) [potion of
                  | mutation]
  3391 | D:4      | Killed Blork the orc
  3403 | D:4      | XOM: silly message
  3671 | D:4      | XOM: silly message
  3959 | D:5      | Entered Level 5 of the Dungeon
  4221 | D:5      | Reached XP level 7. HP: 50/64 MP: 7/7
  4245 | D:5      | XOM: divination: detect items
  4377 | D:5      | XOM: cloud trail
  4400 | D:5      | XOM: cast spell 'Summon Butterflies'
  4403 | D:5      | XOM: potion effect (might)
  4563 | D:5      | XOM: noise
  4576 | D:5      | XOM: 6-stop teleportation journey
  4802 | D:5      | XOM: repel stairs
  5078 | D:5      | XOM: mild Summ miscast
  5187 | D:6      | Reached skill level 5 in Fighting
  5187 | D:6      | Reached skill level 5 in Polearms
  5187 | D:6      | XOM: give mutations
  5187 | D:6      | Gained mutation: You are clumsy. (Dex -2) [Xom's mischief]
  5187 | D:6      | Lost mutation: You are robust. (+10% HP) [Xom's mischief]
  5193 | D:6      | Reached XP level 8. HP: 29/68 MP: 8/8
  5323 | D:6      | Found a staircase to the Ecumenical Temple.
  5323 | D:6      | Found a burning altar of Makhleb.
  5323 | D:6      | XOM: 7-stop teleportation journey
  5357 | D:6      | XOM: torment (25/68 hp)
  5589 | D:6      | XOM: enchant monster (bad)
  5593 | D:6      | HP: 1/68 [orc warrior/+0 halberd (22)]
  5595 | D:6      | Succumbed to an orc's poison

Levels and vault maps discovered:
D:1:      minmay_arrival_cross, layout_loops_ring
D:2:      minmay_roachtagon, layout_loops_ring, minmay_liquid_box,
          nemelex_dance_club_becter, uniq_robin
D:3:      layout_loops_cross, xom_teletrap_fun
D:4:      layout_basic, first_ration, uniq_eustachio, uniq_blork_the_orc
D:5:      layout_basic
D:6:      layout_basic, minmay_temple_entry_mist, bloody_makhleb

Skill      XL: |  1  2  3  4  5  6  7 |
---------------+----------------------+-----
Polearms       | 3 4 5 |  5.3
Throwing       | 3 |  3.9
Armour         | 1 |  1.8
Fighting       | 3 4 5 |  5.4
Dodging        | 3 4 |  4.4

Action                   |  1- 3 |  4- 6 |  7- 9 || total
-------------------------+-------+-------+-------++-------
Melee: Trident           |   125 |   272 |   162 ||   559
       Kick              |    27 |    41 |    33 ||   101
Throw: Throwing net      |     1 |     1 |       ||     2
       Dart              |       |       |     6 ||     6
  Use: Potion            |       |     6 |     2 ||     8
 Stab: Sleeping          |       |       |     1 ||     1
  Eat: Chunk             |     1 |     8 |     4 ||    13
Armor: Leather armour    |    39 |     5 |       ||    44
       Animal skin       |       |    72 |    39 ||   111
       Skin              |       |     3 |       ||     3
Dodge: Dodged            |    86 |   104 |    83 ||   273
